Map: New Repugnancy LE

Players

Smileblind - Winner!

  • Race: Protoss Protoss
  • League: Silver
  • Spawn Location: 1:00

VOD

Have the link to the VOD?

Description

Time

  • Played on: Jan. 31, 2019, 7:40 p.m.
  • Length: 25:38
Show
View Real Time Build Order
Export as new Build Order

Smileblind Protoss - Winner!

Build Orders:  

Get SALT Encoding   

  12  0:05  Probe (Chrono Boost)  
  13  0:22  Probe (Chrono Boost)  
  14  0:30  Pylon  
  14  0:39  Probe (Chrono Boost)  
  15  0:57  Probe (Chrono Boost)  
  16  1:03  Gateway  
  16  1:14  Probe (Chrono Boost)  
  16  1:17  Assimilator  
  18  1:31  Probe (Chrono Boost)  
  18  1:32  Assimilator  
  18  1:46  Probe (Chrono Boost)  
  19  1:57  Probe (Chrono Boost)  
  19  1:59  Pylon  
  19  2:09  Probe (Chrono Boost)  
  21  2:25  Probe (Chrono Boost)  
  22  2:33  Cybernetics Core  
  22  2:37  Gateway, Zealot  
  23  2:42  Probe (Chrono Boost)  
  25  2:58  Forge  
  26  3:11  Probe (Chrono Boost)  
  26  3:23  Pylon  
  26  3:28  Probe (Chrono Boost)  
  27  3:45  Probe (Chrono Boost)  
  28  3:58  Nexus  
  28  4:02  Probe (Chrono Boost)  
  29  4:15  Warp Gate  
  29  4:16  Photon Cannon  
  29  4:24  Stalker  
  31  4:36  Shield Battery  
  31  4:37  Probe (Chrono Boost)  
  32  4:54  Probe (Chrono Boost)  
  32  4:55  Photon Cannon  
  33  5:09  Stargate  
  33  5:30  Twilight Council  
  33  5:31  Stalker  
  33  5:39  Sentry  
  37  5:45  Probe (Chrono Boost)  
  39  5:50  Probe (Chrono Boost)  
  39  5:57  Probe (Chrono Boost)  
  39  6:07  Probe (Chrono Boost)  
  39  6:08  Pylon  
  41  6:10  Probe (Chrono Boost)  
  42  6:20  Phoenix  
  42  6:24  Probe (Chrono Boost)  
  42  6:27  Probe (Chrono Boost)  
  46  6:39  Dark Shrine  
  46  6:49  Assimilator  
  46  6:55  Phoenix, Assimilator  
  48  7:06  Probe (Chrono Boost)  
  49  7:17  Probe (Chrono Boost)  
  49  7:25  Photon Cannon  
  50  7:31  Charge, Probe (Chrono Boost)  
  50  7:33  Phoenix  
  53  7:48  Probe (Chrono Boost)  
  54  7:52  Fleet Beacon  
  54  8:05  Probe (Chrono Boost)  
  54  8:08  Phoenix  
  57  8:21  Robotics Facility  
  57  8:26  Photon Cannon  
  57  8:30  Dark Templar  
  57  8:32  Pylon  
  57  8:38  Pylon  
  59  8:42  Dark Templar  
  61  8:57  Void Ray  
  65  9:00  Pylon  
  65  9:03  Pylon  
  65  9:14  Carrier  
  67  10:20  Warp Prism  
  67  10:29  Protoss Air Weapons Level 1, Carrier  
  65  10:54  Stalker  
  65  10:55  Stalker  
  65  10:59  Protoss Ground Weapons Level 1  
  69  11:16  Pylon  
  69  11:19  Shield Battery  
  75  11:43  Pylon  
  75  11:46  Pylon  
  75  11:50  Pylon  
  75  11:54  Nexus  
  75  11:59  Carrier  
  75  12:14  Gateway  
  75  12:15  Gateway  
  75  12:18  Gateway  
  75  12:25  Gateway  
  75  12:29  Gateway  
  67  13:21  Gateway  
  67  13:27  Gateway  
  67  13:29  Carrier  
  67  13:38  Probe (Chrono Boost)  
  67  13:40  Photon Cannon  
  67  13:45  Photon Cannon  
  84  13:50  Probe (Chrono Boost)  
  68  13:52  Observer  
  68  13:58  Probe (Chrono Boost)  
  76  14:03  Probe (Chrono Boost)  
  79  14:20  Probe (Chrono Boost)  
  87  14:37  Stalker, Probe (Chrono Boost)  
  87  14:38  Stalker  
  92  14:42  Zealot  
  92  14:43  Zealot  
  92  14:48  Probe (Chrono Boost)  
  96  14:55  Assimilator  
  96  14:59  Probe (Chrono Boost), Carrier  
  97  15:01  Assimilator  
  98  15:10  Stargate, Probe (Chrono Boost)  
  99  15:21  Dark Templar  
  99  15:23  Dark Templar  
  99  15:25  Probe (Chrono Boost)  
  110  15:34  Protoss Air Weapons Level 2  
  110  15:36  Stargate  
  111  15:42  Probe (Chrono Boost)  
  111  15:43  Stargate, Carrier  
  111  15:59  Probe (Chrono Boost)  
  112  16:09  Carrier  
  112  16:16  Probe (Chrono Boost)  
  119  16:21  Carrier  
  119  16:27  Probe (Chrono Boost)  
  119  16:39  Probe (Chrono Boost)  
  126  16:49  Unknown  
  127  16:52  Probe (Chrono Boost)  
  127  16:59  Tempest  
  139  17:09  Probe (Chrono Boost), Pylon  
  140  17:15  Pylon  
  140  17:18  Pylon  
  140  17:22  Carrier  
  140  17:23  Pylon  
  140  17:26  Probe (Chrono Boost)  
  141  17:32  Pylon  
  141  17:40  Shield Battery  
  141  17:43  Probe (Chrono Boost)  
  141  17:44  Carrier  
  141  17:49  Shield Battery  
  142  17:50  Shield Battery  
  142  17:58  Carrier  
  149  18:00  Probe (Chrono Boost)  
  161  18:39  Carrier  
  167  19:14  Carrier  
  167  19:22  Carrier  
  165  19:58  Tempest  
  170  20:09  Carrier  
  170  20:28  Carrier  
  178  21:54  Carrier  
Tags
 
Add a new tag
Caveats
  • Supply blocks, unpowered buildings, or Contaminate may cause inaccurate times.
  • Supply counts are checked every 10 seconds.